 Dungeon Crawl Stone Soup version 0.20.1-1-g8b1a95d (webtiles) character file.

38 Gargoyl the Skirmisher (level 3, 0/34 HPs)
             Began as a Minotaur Abyssal Knight on Oct 25, 2017.
             Was a Follower of Lugonu.
             Slain by Sigmund
             ... wielding a +0 scythe
              (4 damage)
             ... on level 2 of the Dungeon.
             The game lasted 00:02:28 (1094 turns).

Gargoyl the Skirmisher (Minotaur Abyssal Knight)    Turns: 1094, Time: 00:02:29

Health: 0/34       AC:  6    Str: 16    XL:     3   Next: 25%
Magic:  3/3        EV: 11    Int:  9    God:    Lugonu [*.....]
Gold:   83         SH:  0    Dex: 10    Spells: 2/2 levels left

rFire    + + .     SeeInvis .   a - +2 hand axe
rCold    . . .     Gourm    .   (no shield)
rNeg     . . .     Faith    .   b - +1 leather armour
rPois    +         Spirit   .   (helmet restricted)
rElec    +         Reflect  .   (no cloak)
rCorr    +         Harm     .   (no gloves)
MR       .....                  (no boots)
Stlth    +.........             (no amulet)
Regen    0.2/turn               e - ring of fire
MPRegen  0.1/turn               (no ring)

@: resistant, flying, hasted, very quick
A: retaliatory headbutt, horns 2, molten scales 1, deterioration 1, electricity
resistance
a: Depart the Abyss, Renounce Religion


You were on level 2 of the Dungeon.
You worshipped Lugonu.
Lugonu was aware of your devotion.
You were not hungry.

You visited 1 branch of the dungeon, and saw 2 of its levels.
You visited the Abyss 1 time.

You collected 83 gold pieces.

Inventory:

Hand Weapons
 a - a +2 hand axe (weapon)
Missiles
 g - 6 javelins (quivered)
Armour
 b - a +1 leather armour (worn)
Jewellery
 e - a ring of fire (left hand)
Scrolls
 d - a scroll of remove curse
Potions
 k - a potion of agility {unknown}
Comestibles
 c - a bread ration
 i - a royal jelly
 m - a chunk of flesh


   Skills:
 + Level 4.5 Fighting
 + Level 2.8 Axes
 * Level 2.8 Armour
 + Level 1.3 Dodging
 * Level 2.0 Invocations


You had 2 spell levels left.
You didn't know any spells.

Dungeon Overview and Level Annotations

Branches:
Dungeon (2/15)

Altars:

Annotations:
D:2 Sigmund


Innate Abilities, Weirdness & Mutations

You reflexively headbutt those who attack you in melee.
You have a pair of horns on your head.
You are partially covered in molten scales. (AC +2)
Your body sometimes deteriorates upon taking damage.
You are resistant to electric shocks. (rElec)


Message History

Sigmund is moderately wounded.
Sigmund hits you with a scythe!
You hit Sigmund.
Sigmund is heavily wounded.
Sigmund casts a spell.
Sigmund flickers and vanishes!
Deactivating autopickup; reactivate with Ctrl-A.
You hit something. Something hits you but does no damage.
You miss something. Something hits you!
You feel protected.
It was a potion of haste.
You feel yourself speed up. Something hits you!
* * * LOW HITPOINT WARNING * * *
It was a potion of flight.
You feel very buoyant.
You fly up into the air.
It was a potion of mutation.
You feel extremely strange.
Molten scales grow over part of your body.
You feel yourself wasting away.
You feel insulated. Something hits you.
You die...

****######### *,,,......{.#
*,*****####@###### ##+####
#.........# #.....# #.##.####.#
#####.....# #.##(# *.# ######
..........# #.##.# #.# #....#
.###......###.##.####.######....#
................................'
.###.#.######.#..####.#,........#
.###..................#+####....#


There were no monsters in sight!

Vanquished Creatures
  An ooze (D:1)
  2 worms (D:2)
  A leopard gecko (D:1)
  4 giant cockroaches (D:1)
  4 goblins (D:1)
  4 hobgoblins (D:1)
  2 bats (D:1)
  A frilled lizard (D:1)
  2 kobolds (D:1)
  5 rats
26 creatures vanquished.

Notes
Turn   | Place    | Note
-------+----------+-------------------------------------------
     0 | Abyss:1  | Gargoyl the Minotaur Abyssal Knight began the quest for the Orb.
     0 | Abyss:1  | Reached XP level 1. HP: 19/19 MP: 1/1
   117 | Abyss:1  | Found a corrupted altar of Lugonu.
   175 | Abyss:1  | Found a shattered altar of Ashenzari.
   183 | Abyss:2  | Found a sacrificial altar of Ru.
   201 | Abyss:2  | Noticed a spatial maelstrom
   201 | D:1      | Escaped the Abyss
   292 | D:1      | Reached skill level 4 in Fighting
   344 | D:1      | Reached XP level 2. HP: 26/27 MP: 2/2
   360 | D:1      | Reached * piety under Lugonu
   661 | D:1      | Reached XP level 3. HP: 22/34 MP: 3/3
  1086 | D:2      | Noticed Sigmund
  1094 | D:2      | Gained mutation: You are partially covered in molten scales. (AC +2) [potion of mutation]
  1094 | D:2      | Gained mutation: Your body sometimes deteriorates upon taking damage. [potion of mutation]
  1094 | D:2      | Gained mutation: You are resistant to electric shocks. (rElec) [potion of mutation]
  1094 | D:2      | Slain by Sigmund

Skill      XL: |  1  2  3 |
---------------+----------+-----
Fighting       | 4 |  4.5
Invocations    | 2 |  2.0
Axes           | |  2.8
Armour         | |  2.8
Dodging        | |  1.3

Action                   || total
-------------------------++-------
Melee: Hand axe          ||    63
       Headbutt          ||    10
Throw: Javelin           ||     1
Invok: Depart the Abyss  ||     1
  Use: Scroll            ||     6
       Potion            ||     5
  Eat: Chunk             ||     1
Armor: Leather armour    ||    24
Dodge: Dodged            ||    41
